[Event "*** Titled Tuesday Blitz"]
[Site "Chess.com"]
[Date "2020.05.05"]
[Round "6"]
[White "Konavets"]
[Black "Harry_Rakkel"]
[Result "1-0"]
[WhiteElo "2929"]
[BlackElo "2629"]
[TimeControl "180+1"]
[EndTime "11:04:40 PDT"]
[Termination "Konavets won on time"]

1. e4 c5 2. Nf3 e6 3. d4 cxd4 4. Nxd4 Nc6 5. Nc3 d6 6. f4 a6 7. Be3 Qc7 8. Qf3 Nxd4 9. Bxd4 Ne7 10. O-O-O Nc6 11. Bf2 b5 12. e5 dxe5 13. f5 b4 14. fxe6 Bxe6 15. Nd5 Qb7 16. Bc4 Rb8 17. Bxa6 Qd7 18.
Nf6+ gxf6 19. Rxd7 Bxd7 20. Qxf6 Rg8 21. Rd1 Rg6 22. Qf3 Bg4 23. Qe4 Bxd1 24. Kxd1 Rd8+ 25. Ke1 Nd4 26. Bc4 Bg7 27. c3 bxc3 28. bxc3 Ne6 29. Bb6 Rc8 30. Bb5+ Kf8 31. Qb7 1-0

[Event "*** Titled Tuesday Blitz"]
[Site "Chess.com"]
[Date "2020.05.05"]
[Round "6"]
[White "heartofatiger"]
[Black "aNaartjieZA"]
[Result "1-0"]
[WhiteElo "2442"]
[BlackElo "2586"]
[TimeControl "180+1"]
[EndTime "11:04:43 PDT"]
[Termination "heartofatiger won by resignation"]

1. d4 Nf6 2. c4 c5 3. d5 e5 4. Nc3 d6 5. e4 Be7 6. g3 Nbd7 7.
h4 h5 8. Bh3 Nf8 9. f3 a6 10. a4 Rb8 11. Be3 Bxh3 12. Nxh3 N6d7 13. Nf2 g5 14. hxg5 Bxg5 15. f4 exf4 16. gxf4 Bh4 17.
Qf3 Ng6 18. O-O-O b5 19. axb5 Qa5 20. e5 dxe5 21. f5 Bxf2 22. fxg6 Bxe3+ 23. Qxe3 fxg6 24. Qg5 axb5 25. d6 1-0

[Event "*** Titled Tuesday Blitz"]
[Site "Chess.com"]
[Date "2020.05.05"]
[Round "6"]
[White "peixe64"]
[Black "mariangie523"]
[Result "1-0"]
[WhiteElo "2228"]
[BlackElo "2043"]
[TimeControl "180+1"]
[EndTime "11:04:43 PDT"]
[Termination "peixe64 won on time"]

1. d4 Nf6 2. c4 c5 3. d5 b5 4.
cxb5 a6 5. b6 d6 6. Nc3 g6 7. e4 Bg7 8. Nf3 O-O 9. Be2 Qxb6 10.
O-O Nbd7 11. Nd2 Qc7 12. Nc4 Nb6 13. Bf4 Nxc4 14. Bxc4 Nh5 15. Bd2 f5 16. exf5 1-0

[Event "*** Titled Tuesday Blitz"]
[Site "Chess.com"]
[Date "2020.05.05"]
[Round "6"]
[White "Lunow"]
[Black "WonderChampion"]
[Result "1-0"]
[WhiteElo "2202"]
[BlackElo "1835"]
[TimeControl "180+1"]
[EndTime "11:04:44 PDT"]
[Termination "Lunow won by checkmate"]

1. c4 e6 2. g3 d5 3. Bg2 Nf6 4. Nf3 c6 5. O-O Bd6 6. b3 O-O 7. Bb2 Re8 8. d4 Bd7 9. Nc3 dxc4 10. bxc4 Bc7 11. e4 e5 12. Nxe5 Bxe5 13. dxe5 Rxe5 14. Nd5 Re8 15. Nxf6+ gxf6 16. Qf3 Re6 17. Rad1 Qe7 18.
Bh3 Rd6 19. Ba3 Bxh3 20. Bxd6 Qe6 21. Bf4 Bxf1 22. Rd8+ Kg7 23. Qh5 Qh3 24. Bh6# 1-0

[Event "*** Titled Tuesday Blitz"]
[Site "Chess.com"]
[Date "2020.05.05"]
[Round "6"]
[White "petroniy_arbitr"]
[Black "chesslh19"]
[Result "1/2-1/2"]
[WhiteElo "2295"]
[BlackElo "2155"]
[TimeControl "180+1"]
[EndTime "11:04:45 PDT"]
[Termination "Game drawn by agreement"]

1. d4 Nf6 2. c4 e6 3. Nf3 d5 4. cxd5 exd5 5. Nc3 c6 6. Bg5 Bf5 7. e3 Be7 8. Be2 O-O 9. O-O Nbd7 10. Ne5 Ne4 11. Bf4 Nxc3 12. bxc3 Nxe5 13. Bxe5 Bd6 14.
Bxd6 Qxd6 15. Bd3 Bxd3 16. Qxd3 g6 17. Rab1 b5 18. a4 a6 19. e4 dxe4 20. Qxe4 Rfe8 21. Qf3 Rad8 22. axb5 axb5 23. g3 Qd5 24. Qxd5 Rxd5 25. Rfe1 Rxe1+ 26. Rxe1 b4 27. cxb4 Rxd4 28. Rc1 Rxb4 29.
Rxc6 1/2-1/2

[Event "*** Titled Tuesday Blitz"]
[Site "Chess.com"]
[Date "2020.05.05"]
[Round "6"]
[White "RianKapriaga"]
[Black "Leo_C"]
[Result "1-0"]
[WhiteElo "2148"]
[BlackElo "2262"]
[TimeControl "180+1"]
[EndTime "11:04:45 PDT"]
[Termination "RianKapriaga won by resignation"]

1. d4 d5 2. Nf3 Bf5 3. Bf4 e6 4. e3 c5 5. c3 Nc6 6. Nbd2 Nf6 7. Be2 h6 8. Ne5 Bd6 9. g4 Bh7 10. h4 Qc7 11. g5 Nd7 12. gxh6 gxh6 13. Nxd7 Qxd7 14.
Bxd6 Qxd6 15. Qa4 O-O-O 16. Qa3 cxd4 17. Qxd6 Rxd6 18. cxd4 Rdd8 19. Rc1 Kd7 20. a3 a6 21. b4 Bf5 22. f4 Rhg8 23. Kf2 Bg4 24. Bd3 f5 25.
Rhg1 Bh5 26. Nb3 Rxg1 27. Rxg1 Bg4 28. Nc5+ Ke7 29. Nxb7 a5 1-0

[Event "*** Titled Tuesday Blitz"]
[Site "Chess.com"]
[Date "2020.05.05"]
[Round "6"]
[White "Keks2017"]
[Black "Boninknights"]
[Result "1-0"]
[WhiteElo "2391"]
[BlackElo "2151"]
[TimeControl "180+1"]
[EndTime "11:04:46 PDT"]
[Termination "Keks2017 won by resignation"]

1. e4 e6 2. d3 d5 3. Nd2 c5 4. g3 Nc6 5. Bg2 g6 6. Ngf3 Bg7 7. O-O Nge7 8. Re1 Qc7 9. c3 h6 10. h4 b6 11. a3 Bb7 12. b4 Bxc3 13.
Rb1 Bg7 14. bxc5 bxc5 15. Qc2 g5 16. hxg5 hxg5 17. exd5 exd5 18. Bb2 Bxb2 19. Qxb2 O-O-O 20. Rec1 g4 21. Nh4 Nd4 22. Nb3 Nxb3 23. Qxb3 Rd7 24.
Qb5 c4 25. dxc4 d4 26. Bxb7+ Qxb7 27. Qe5 1-0

[Event "*** Titled Tuesday Blitz"]
[Site "Chess.com"]
[Date "2020.05.05"]
[Round "6"]
[White "IsaacWiebe"]
[Black "ChronicUnhappiness"]
[Result "0-1"]
[WhiteElo "2140"]
[BlackElo "2310"]
[TimeControl "180+1"]
[EndTime "11:04:53 PDT"]
[Termination "ChronicUnhappiness won by resignation"]

1. d4 d5 2. c4 e6 3. Nc3 Bb4 4.
Nf3 Nf6 5. Qa4+ Nc6 6. Bg5 h6 7. Bh4 g5 8. Bg3 Ne4 9. Rc1 h5 10. Ne5 h4 11. Nxc6 Bxc3+ 12. bxc3 bxc6 13. Be5 f6 14. f3 fxe5 15. fxe4 O-O 16. cxd5 cxd5 17. exd5 Qxd5 18. e3 Qe4 19. Qc2 Qxe3+ 20. Be2 e4 21. Rf1 Ba6 22. Qd2 Rxf1+ 23. Kxf1 Qxd2 0-1

[Event "*** Titled Tuesday Blitz"]
[Site "Chess.com"]
[Date "2020.05.05"]
[Round "6"]
[White "julinha97"]
[Black "Gandrade2"]
[Result "1-0"]
[WhiteElo "2158"]
[BlackElo "2011"]
[TimeControl "180+1"]
[EndTime "11:04:53 PDT"]
[Termination "julinha97 won by resignation"]

1. e4 c5 2. Nf3 g6 3. d4 cxd4 4. Nxd4 Bg7 5. c4 Nc6 6. Be3 Qb6 7. Nb3 Qd8 8. Nc3 a5 9. a3 a4 10. Nd5 d6 11. Bb6 Qd7 12. Nc7+ Kf8 13. Nxa8 axb3 14. Qxb3 Nf6 15. Bd3 Qg4 16. O-O Bh6 17. Nc7 Kg7 18.
Nd5 Be6 19. Nxf6 exf6 20. f3 Be3+ 21. Bxe3 1-0

[Event "*** Titled Tuesday Blitz"]
[Site "Chess.com"]
[Date "2020.05.05"]
[Round "6"]
[White "Islamovqaasim"]
[Black "51616516516"]
[Result "0-1"]
[WhiteElo "2053"]
[BlackElo "2295"]
[TimeControl "180+1"]
[EndTime "11:04:55 PDT"]
[Termination "51616516516 won by checkmate"]

1. d4 Nf6 2. Nf3 g6 3. c4 Bg7 4.
Nc3 d6 5. Bg5 h6 6. Bh4 O-O 7.
e3 c5 8. d5 a6 9. a4 Bf5 10. Bd3 Bxd3 11. Qxd3 Nbd7 12. O-O b6 13. Rfe1 g5 14. Bg3 Nh5 15. Nd2 Nxg3 16. hxg3 Ne5 17. Qe2 f5 18. Nf3 Ng4 19. e4 f4 20. Nxg5 fxg3 21.
fxg3 Bd4+ 22. Kh1 Nf2+ 23. Kh2 hxg5 24. Qh5 Rf7 25. Qxg5+ Rg7 26. Qf5 Rh7+ 27. Kg1 Rh1# 0-1

[Event "*** Titled Tuesday Blitz"]
[Site "Chess.com"]
[Date "2020.05.05"]
[Round "6"]
[White "Noam_Vitenberg"]
[Black "kasparicy"]
[Result "1-0"]
[WhiteElo "2492"]
[BlackElo "2305"]
[TimeControl "180+1"]
[EndTime "11:04:58 PDT"]
[Termination "Noam_Vitenberg won by resignation"]

1. d4 Nf6 2. c4 g6 3. Nc3 d5 4.
cxd5 Nxd5 5. e4 Nxc3 6. bxc3 Bg7 7. Nf3 c5 8. Be3 O-O 9. Rc1 cxd4 10. cxd4 b6 11. Bd3 Bb7 12. O-O Nd7 13. Qa4 Nf6 14.
d5 Qd6 15. e5 Qxd5 16. exf6 Bxf6 17. Rfd1 Qh5 18. Be4 b5 19. Qb4 a5 20. Qb1 Bxe4 21. Qxe4 Rfd8 22. h3 b4 23. Rxd8+ Rxd8 24. Rc5 e5 25. Rxa5 1-0

[Event "*** Titled Tuesday Blitz"]
[Site "Chess.com"]
[Date "2020.05.05"]
[Round "6"]
[White "chesstrainer2042"]
[Black "narutosmith"]
[Result "1-0"]
[WhiteElo "2439"]
[BlackElo "2269"]
[TimeControl "180+1"]
[EndTime "11:05:02 PDT"]
[Termination "chesstrainer2042 won by resignation"]

1. e4 c5 2. Nc3 e6 3. g3 a6 4. Bg2 b5 5. d3 Bb7 6. f4 Nf6 7. Nh3 d5 8. Qe2 Be7 9. O-O O-O 10. e5 Nfd7 11. f5 b4 12. Na4 exf5 13. Rxf5 g6 14. Rf1 f5 15. exf6 Nxf6 16. Bh6 Re8 17.
Qe6+ Kh8 18. Ng5 Qd7 19. Qf7 1-0

[Event "*** Titled Tuesday Blitz"]
[Site "Chess.com"]
[Date "2020.05.05"]
[Round "6"]
[White "Maybe00"]
[Black "artooon"]
[Result "1-0"]
[WhiteElo "2815"]
[BlackElo "2638"]
[TimeControl "180+1"]
[EndTime "11:05:06 PDT"]
[Termination "Maybe00 won by checkmate"]

1. d4 Nf6 2. c4 e6 3. Nf3 d6 4.
Nc3 Nbd7 5. g3 b6 6. Bg2 Bb7 7. O-O g6 8. Qc2 Bg7 9. e4 O-O 10.
Rd1 Qe7 11. h3 e5 12. dxe5 Nxe5 13. Nxe5 dxe5 14. Nd5 Nxd5 15. cxd5 Rac8 16. a4 c6 17.
Qb3 cxd5 18. exd5 Qd7 19. a5 Ba6 20. axb6 Bc4 21. Qb4 axb6 22. Qxb6 Rb8 23. Qc6 Rfd8 24. Bg5 f6 25. Qxc4 Rdc8 26. Qc6 Rxc6 27. dxc6 Qc7 28.
Rd7 Qb6 29. Be3 Qxb2 30. Raa7 Bh8 31. Bd5+ Kf8 32. Bc5+ Ke8 33. Bf7# 1-0

[Event "*** Titled Tuesday Blitz"]
[Site "Chess.com"]
[Date "2020.05.05"]
[Round "6"]
[White "mishanick"]
[Black "ThePatrick27"]
[Result "1-0"]
[WhiteElo "2929"]
[BlackElo "2530"]
[TimeControl "180+1"]
[EndTime "11:05:07 PDT"]
[Termination "mishanick won on time"]

1. d4 Nf6 2. c4 e6 3. Nf3 d5 4.
Nc3 Be7 5. g3 O-O 6. Bg2 Nbd7 7.
O-O dxc4 8. e4 Rb8 9. a4 a6 10. Bf4 Bb4 11. Qe2 b5 12. axb5 axb5 13. Ra7 Rb7 14.
Rxb7 Bxb7 15. Nxb5 Bxe4 16. Qxc4 Nd5 17. Bg5 1-0

[Event "*** Titled Tuesday Blitz"]
[Site "Chess.com"]
[Date "2020.05.05"]
[Round "6"]
[White "MightyGMpretender"]
[Black "smshk35"]
[Result "1-0"]
[WhiteElo "2579"]
[BlackElo "2387"]
[TimeControl "180+1"]
[EndTime "11:05:08 PDT"]
[Termination "MightyGMpretender won by resignation"]

1. Nf3 g6 2. c4 Nf6 3. Nc3 Bg7 4. e4 d6 5. d4 O-O 6. h3 c5 7. d5 b5 8. cxb5 a6 9. bxa6 Bxa6 10. Be2 Qa5 11. O-O Bxe2 12. Qxe2 Na6 13. e5 Ne8 14. e6 f5 15. Bd2 Qb6 16. Rab1 Nf6 17. Rfd1 Nb4 18.
Qc4 Qa6 19. Qh4 Nfxd5 20. a3 Nxc3 21. Bxc3 Bxc3 22. bxc3 Na2 23. Qh6 Rf7 24. exf7+ Kxf7 25. Qxh7+ Kf6 26. Qh4+ Kf7 27. Ng5+ 1-0

[Event "*** Titled Tuesday Blitz"]
[Site "Chess.com"]
[Date "2020.05.05"]
[Round "6"]
[White "silverback96"]
[Black "zmeeed67"]
[Result "0-1"]
[WhiteElo "2125"]
[BlackElo "2390"]
[TimeControl "180+1"]
[EndTime "11:05:15 PDT"]
[Termination "zmeeed67 won by resignation"]

1. Nf3 d5 2. g3 Nf6 3. Bg2 c5 4. O-O Nc6 5. c4 e6 6. cxd5 Nxd5 7. d4 b6 8. Nc3 Nxc3 9. bxc3 Bb7 10. Ne5 Qc7 11. Qa4 Rc8 12. f4 Be7 13. e3 O-O 14.
Kh1 Nxe5 15. fxe5 Bxg2+ 16. Kxg2 cxd4 17. cxd4 Qc2+ 18. Rf2 Qxa4 0-1

[Event "*** Titled Tuesday Blitz"]
[Site "Chess.com"]
[Date "2020.05.05"]
[Round "6"]
[White "Walter_White_Poland"]
[Black "j2806"]
[Result "1/2-1/2"]
[WhiteElo "2150"]
[BlackElo "1989"]
[TimeControl "180+1"]
[EndTime "11:05:15 PDT"]
[Termination "Game drawn by agreement"]

1. e4 c5 2. c4 Nc6 3. Nc3 Nf6 4.
g3 e5 5. Bg2 d6 6. Nge2 Nd4 7.
h3 Be7 8. d3 a6 9. Rb1 Rb8 10. a3 b5 11. cxb5 axb5 12. b4 Nxe2 13. Qxe2 cxb4 14. axb4 O-O 15. O-O Qc7 16. Bd2 Rd8 17.
Rfc1 Qb6 18. Be3 Qb7 19. f4 Qd7 20. f5 Bb7 21. Kh2 d5 22. Bg5 dxe4 23. dxe4 h6 24. Bxf6 Bxf6 25. Rd1 Qe8 26. Rxd8 Qxd8 27. Rd1 Qb6 28.
Nd5 Bxd5 29. Rxd5 Be7 30. Bf1 Bxb4 31. Rxb5 Qxb5 32. Qxb5 Rxb5 33. Bxb5 Kf8 34. Kg2 f6 35. Kf3 Ke7 36. Bc4 Bc3 37. Ba2 Bd4 38. Kg4 Kf8 39. Kh5 Bc3 40. Kg6 Bd2 41. g4 Bc1 42. Bb3 Bd2 43.
Kh7 Be3 1/2-1/2

[Event "*** Titled Tuesday Blitz"]
[Site "Chess.com"]
[Date "2020.05.05"]
[Round "6"]
[White "yarosavich"]
[Black "AustrianFalcon"]
[Result "1-0"]
[WhiteElo "2710"]
[BlackElo "2498"]
[TimeControl "180+1"]
[EndTime "11:05:16 PDT"]
[Termination "yarosavich won by resignation"]

1. d4 Nf6 2. c4 c5 3. d5 e6 4.
Nc3 exd5 5. cxd5 d6 6. e4 g6 7. h3 Bg7 8. Nf3 O-O 9. Bd3 b5 10. Nxb5 Re8 11. Bg5 Qa5+ 12. Qd2 Qxd2+ 13. Nxd2 Nxd5 14.
Nxd6 Nb4 15. Nxe8 Nxd3+ 16. Ke2 Ba6 17. Nc7 Nxb2+ 18. Kf3 Nd3 19. Rab1 Bd4 20. Be3 Ne5+ 21. Kg3 Bd3 22. Nxa8 1-0

[Event "*** Titled Tuesday Blitz"]
[Site "Chess.com"]
[Date "2020.05.05"]
[Round "6"]
[White "LizaSolovyova"]
[Black "LiamVrolijk"]
[Result "0-1"]
[WhiteElo "2557"]
[BlackElo "2750"]
[TimeControl "180+1"]
[EndTime "11:05:17 PDT"]
[Termination "LiamVrolijk won by resignation"]

1. e4 e5 2. d3 Nf6 3. Nf3 Nc6 4. c3 d5 5. Qe2 Bc5 6. h3 O-O 7. Qc2 a5 8. a4 b6 9. Be2 h6 10. g4 Ba6 11. g5 hxg5 12. Bxg5 Qd6 13. Rg1 Nh7 14. Nbd2 f5 15. exf5 Bc8 16. O-O-O Bxf5 17. Qb3 Bxf2 18. Rg2 Nxg5 19. Rxf2 Nxh3 20. Rh2 Nf4 21. Ne4 Bxe4 22. dxe4 Nxe2+ 23. Rxe2 Rxf3 24. Rxd5 Qe6 25. Red2 Raf8 26. Kc2 Nd4+ 0-1

[Event "*** Titled Tuesday Blitz"]
[Site "Chess.com"]
[Date "2020.05.05"]
[Round "6"]
[White "vangulio"]
[Black "Angry_Twin"]
[Result "0-1"]
[WhiteElo "2514"]
[BlackElo "2830"]
[TimeControl "180+1"]
[EndTime "11:05:17 PDT"]
[Termination "Angry_Twin won on time"]

1. e4 c5 2. Nf3 d6 3. d4 cxd4 4. Nxd4 Nf6 5. Nc3 a6 6. Be3 e5 7. Nb3 Be7 8. Qd2 Be6 9. f4 b5 10. O-O-O Nbd7 11. f5 Bc4 12. g4 Nxg4 13. Rg1 Nxe3 14.
Qxe3 Qb6 15. Qg3 Nf6 16. Qxg7 O-O-O 0-1

[Event "*** Titled Tuesday Blitz"]
[Site "Chess.com"]
[Date "2020.05.05"]
[Round "6"]
[White "Diego_FloresQ"]
[Black "Tsyhanchuk_Stanislav"]
[Result "1-0"]
[WhiteElo "2424"]
[BlackElo "2578"]
[TimeControl "180+1"]
[EndTime "11:05:18 PDT"]
[Termination "Diego_FloresQ won by resignation"]

1. e4 c5 2. Nf3 Nc6 3. d4 cxd4 4. Nxd4 Qb6 5. Nb3 Nf6 6. Nc3 e6 7. Be3 Qc7 8. Bd3 a6 9. f4 d6 10. Qf3 Be7 11. O-O-O b5 12. g4 Bb7 13. g5 Nd7 14. h4 Nb4 15. Kb1 Nc5 16. Nxc5 dxc5 17. Be2 O-O 18. h5 Nc6 19. g6 fxg6 20. hxg6 h6 21. Qh3 Bc8 22. f5 b4 23. Bxh6 Bf6 24. Bg5 1-0

[Event "*** Titled Tuesday Blitz"]
[Site "Chess.com"]
[Date "2020.05.05"]
[Round "6"]
[White "PetrolulSah"]
[Black "dianosky"]
[Result "0-1"]
[WhiteElo "2266"]
[BlackElo "2437"]
[TimeControl "180+1"]
[EndTime "11:05:19 PDT"]
[Termination "dianosky won by checkmate"]

1. d4 d5 2. c4 dxc4 3. e4 a6 4. Bxc4 b5 5. Bd5 c6 6. Bb3 Nf6 7. e5 Nd5 8. Nc3 e6 9. Nf3 h6 10. O-O Nd7 11. Nxd5 cxd5 12. Bd2 Nb6 13. Ba5 Qc7 14.
Rc1 Qb7 15. Bxb6 Qxb6 16. a4 Bd7 17. Qd2 bxa4 18. Ba2 Rb8 19. Rc2 Bb4 20. Qf4 O-O 21. g4 Be7 22. g5 h5 23. g6 fxg6 24. Qg3 Bb5 25. Rfc1 Bd3 26. Rc7 Rb7 27. Rxb7 Qxb7 28. Ng5 Qxb2 29. Rc7 Qa1+ 30. Kg2 Qf1# 0-1

[Event "*** Titled Tuesday Blitz"]
[Site "Chess.com"]
[Date "2020.05.05"]
[Round "6"]
[White "UCantHandleDenker"]
[Black "ozates"]
[Result "0-1"]
[WhiteElo "2560"]
[BlackElo "2385"]
[TimeControl "180+1"]
[EndTime "11:05:20 PDT"]
[Termination "ozates won by resignation"]

1. Nf3 c5 2. g3 Nc6 3. Bg2 e5 4.
d3 g6 5. O-O Bg7 6. e4 d6 7. c3 h6 8. a3 Be6 9. b4 Nge7 10.
Nbd2 Qd7 11. b5 Nd8 12. a4 O-O 13. Re1 f5 14. exf5 Bxf5 15. Nc4 Nf7 16. Nh4 Bh3 17. Qe2 d5 18. Ne3 Bxg2 19. Nhxg2 Ng5 20. f4 Nh3+ 21. Kh1 exf4 22. gxf4 Nxf4 23. Nxf4 Rxf4 24.
Ng2 Rf7 25. Bd2 Raf8 26. Rf1 Nf5 27. Qg4 Ng3+ 28. Qxg3 Rxf1+ 0-1

[Event "*** Titled Tuesday Blitz"]
[Site "Chess.com"]
[Date "2020.05.05"]
[Round "6"]
[White "starplatinum2030"]
[Black "Char_dasha"]
[Result "1-0"]
[WhiteElo "2135"]
[BlackElo "2218"]
[TimeControl "180+1"]
[EndTime "11:05:21 PDT"]
[Termination "starplatinum2030 won on time"]

1. e4 d5 2. exd5 Qxd5 3. Nc3 Qd6 4. d4 Nf6 5. Nge2 g6 6. Bf4 Qb6 7. Qd2 Bg7 8. O-O-O O-O 9. f3 Na6 10. Bh6 c5 11. Bxg7 Kxg7 12. g4 Be6 13. d5 Bd7 14.
h4 Rfd8 15. h5 Be8 16. hxg6 fxg6 17. Qh6+ Kg8 18. Nf4 Qd6 19. Ne6 1-0

[Event "*** Titled Tuesday Blitz"]
[Site "Chess.com"]
[Date "2020.05.05"]
[Round "6"]
[White "Lupul_Cenusiu"]
[Black "BvsN"]
[Result "0-1"]
[WhiteElo "2501"]
[BlackElo "2382"]
[TimeControl "180+1"]
[EndTime "11:05:25 PDT"]
[Termination "BvsN won by checkmate"]

1. d4 d5 2. Nf3 Nf6 3. c4 c6 4.
Qc2 dxc4 5. e4 b5 6. b3 cxb3 7. axb3 e6 8. Bd2 a5 9. Bd3 Nbd7 10. O-O Be7 11. Bc3 b4 12. Bb2 Bb7 13. Nbd2 c5 14. e5 Nd5 15. Bxh7 cxd4 16. Nc4 Rc8 17. Bxd4 Nc5 18. Be4 Nxe4 19. Qxe4 Ba8 20. Qg4 g6 21. Rxa5 Nc3 22. Nd6+ Bxd6 23. exd6 Rh7 24. Bxc3 bxc3 25.
Ra7 Qxd6 26. Ng5 Qxh2# 0-1

[Event "*** Titled Tuesday Blitz"]
[Site "Chess.com"]
[Date "2020.05.05"]
[Round "6"]
[White "Blitzking642"]
[Black "Al_Shima"]
[Result "1/2-1/2"]
[WhiteElo "2310"]
[BlackElo "2450"]
[TimeControl "180+1"]
[EndTime "11:05:27 PDT"]
[Termination "Game drawn by repetition"]

1. d4 b5 2. e4 Bb7 3. Bd3 Nf6 4. Qe2 a6 5. Nf3 e6 6. Nbd2 c5 7. c3 Be7 8. O-O O-O 9. e5 Nd5 10. Ne4 c4 11. Bc2 f5 12. exf6 Nxf6 13. Nfg5 h6 14.
Nxf6+ Bxf6 15. Ne4 Be7 16. Qg4 Kh8 17. Nc5 Bxc5 18.
Qg6 Kg8 19. Qh7+ Kf7 20. Qg6+ Kg8 21. Qh7+ Kf7 22. Qg6+ Kg8 1/2-1/2

[Event "*** Titled Tuesday Blitz"]
[Site "Chess.com"]
[Date "2020.05.05"]
[Round "6"]
[White "Azoulas1"]
[Black "tteshan"]
[Result "0-1"]
[WhiteElo "1899"]
[BlackElo "2208"]
[TimeControl "180+1"]
[EndTime "11:05:27 PDT"]
[Termination "tteshan won by checkmate"]

1. e4 c6 2. d4 d5 3. Nc3 dxe4 4.
Nxe4 Bf5 5. Ng3 Bg6 6. h4 h6 7. f4 e6 8. Nf3 Nd7 9. Bd3 Bxd3 10.
Qxd3 Ngf6 11. Bd2 Bd6 12. O-O-O Qc7 13. Ne2 c5 14. Rde1 O-O 15. Reg1 cxd4 16. Nfxd4 Nc5 17. Qf3 Rac8 18. Kb1 Nce4 19. Be1 Qb6 20. g4 Bb4 21.
g5 Bxe1 22. gxf6 Nd2+ 23. Ka1 Nxf3 24. Rxg7+ Kh8 25. Nxf3 Rxc2 26. b3 Rxe2 27. Ne5 Qd4+ 28. Kb1 Qb2# 0-1

[Event "*** Titled Tuesday Blitz"]
[Site "Chess.com"]
[Date "2020.05.05"]
[Round "6"]
[White "Alohamora11"]
[Black "Raja3401"]
[Result "0-1"]
[WhiteElo "2503"]
[BlackElo "2711"]
[TimeControl "180+1"]
[EndTime "11:05:29 PDT"]
[Termination "Raja3401 won by resignation"]

1. e4 c5 2. Nf3 d6 3. d4 cxd4 4. Nxd4 Nf6 5. Nc3 a6 6. a3 g6 7. Bc4 Bg7 8. Bg5 O-O 9. Qd2 Nc6 10. Nf3 Bg4 11. O-O-O Rc8 12. Kb1 Bxf3 13. gxf3 Ne5 14. Be2 b5 15. h4 h5 16. Bh6 Bxh6 17. Qxh6 Rxc3 18. bxc3 Qa5 19. Kb2 Rc8 20. Qd2 Nfd7 21. f4 Nc4+ 22. Bxc4 Rxc4 23. f5 Nc5 24. fxg6 Na4+ 25.
Kc1 Nxc3 26. gxf7+ Kxf7 27. Qf4+ Ke8 28. Rd3 Ne2+ 0-1

[Event "*** Titled Tuesday Blitz"]
[Site "Chess.com"]
[Date "2020.05.05"]
[Round "6"]
[White "gui_borba"]
[Black "VNeimer"]
[Result "0-1"]
[WhiteElo "2368"]
[BlackElo "2528"]
[TimeControl "180+1"]
[EndTime "11:05:30 PDT"]
[Termination "VNeimer won by resignation"]

1. d4 Nf6 2. Bf4 e6 3. e3 d5 4. Nf3 Bd6 5. Bg3 O-O 6. Nbd2 c5 7.
c3 Qc7 8. Bd3 Nbd7 9. O-O e5 10.
dxe5 Nxe5 11. Bxe5 Bxe5 12. e4 dxe4 13. Nxe4 Nxe4 14.
Bxe4 Bf6 15. Qc2 g6 16. Rfe1 Be6 17. Rad1 Rad8 18. h3 b6 19. Rxd8 Rxd8 20. Rd1 Rxd1+ 21. Qxd1 Bxa2 22. b3 c4 23. b4 Bb3 24. Qd2 a5 25. bxa5 bxa5 26. Nd4 a4 27. Nxb3 cxb3 28. Bd5 Qxc3 29.
Qf4 Qa1+ 30. Kh2 Be5 0-1

[Event "*** Titled Tuesday Blitz"]
[Site "Chess.com"]
[Date "2020.05.05"]
[Round "6"]
[White "NodariousBIG"]
[Black "lolo9292"]
[Result "1-0"]
[WhiteElo "2711"]
[BlackElo "2507"]
[TimeControl "180+1"]
[EndTime "11:05:34 PDT"]
[Termination "NodariousBIG won by resignation"]

1. e4 e5 2. Nf3 Nc6 3. d4 exd4 4. Nxd4 Bc5 5. Nxc6 bxc6 6. Bd3 Qh4 7. Qe2 Nf6 8. Be3 Bb6 9. Nd2 O-O 10. O-O-O d5 11. e5 Ng4 12. g3 Qh3 13. Bxb6 axb6 14. f4 Rxa2 15. Kb1 Ra7 16. Nf3 f6 17. e6 Re8 18.
Bf5 g6 19. Ng1 Qh6 20. Qxg4 Qg7 21. Bd3 f5 22. Qh4 Bxe6 23. Nf3 d4 24. Ne5 Rea8 25. Kc1 Ra2 26. Rde1 Qf8 27. Nxc6 Ra1+ 28. Kd2 Rxe1 29.
Rxe1 Bf7 30. Qf6 Re8 31. Ne7+ Rxe7 32. Rxe7 c5 33. b3 h5 34. h4 b5 35. Bxb5 c4 36.
Bxc4 1-0

[Event "*** Titled Tuesday Blitz"]
[Site "Chess.com"]
[Date "2020.05.05"]
[Round "6"]
[White "GuerrieroFromLevant"]
[Black "cukin84"]
[Result "1-0"]
[WhiteElo "2375"]
[BlackElo "2074"]
[TimeControl "180+1"]
[EndTime "11:05:34 PDT"]
[Termination "GuerrieroFromLevant won by resignation"]

1. c4 f5 2. Nc3 Nf6 3. Nf3 g6 4. d4 Bg7 5. Bg5 O-O 6. h4 h5 7.
Ne5 Kh7 8. e3 d6 9. Nd3 Qe8 10.
d5 e5 11. dxe6 Bxe6 12. Nf4 Bf7 13. Bd3 Ne4 14. Qf3 Nxc3 15. bxc3 Bxc3+ 16. Ke2 Bxa1 17. Rxa1 Nd7 18. Nxh5 gxh5 19. Bxf5+ Bg6 20. Qxh5+ Kg8 21. Bxg6 Rxf2+ 22. Kxf2 Qf8+ 23. Kg1 Qg7 24. Rf1 Ne5 25. Bf5 Qf7 26. Qxf7+ Nxf7 27. Be4 c6 28. Bf6 Nh6 29. Bg6 Rf8 30. h5 Ng4 31. Bd4 Rd8 32. Rf4 Ne5 33. Bxe5 dxe5 34. Rf7 Rd2 35. Rxb7 Rxa2 36. h6 1-0

[Event "*** Titled Tuesday Blitz"]
[Site "Chess.com"]
[Date "2020.05.05"]
[Round "6"]
[White "AsaHoffmann"]
[Black "m-garcett"]
[Result "1-0"]
[WhiteElo "2374"]
[BlackElo "2047"]
[TimeControl "180+1"]
[EndTime "11:05:36 PDT"]
[Termination "AsaHoffmann won by resignation"]

1. d4 Nf6 2. Bg5 e6 3. Nd2 Be7 4. e3 d5 5. Bd3 O-O 6. f4 b6 7.
Ngf3 Bb7 8. O-O Nbd7 9. Ne5 c5 10.
c3 Rc8 11. Qf3 cxd4 12. exd4 Re8 13. Rae1 Nf8 14. Qh3 a6 15. Ndf3 Ne4 16. Bxe7 Qxe7 17. Ng5 f5 18. Ngf3 b5 19. a3 Bc6 20. Nxc6 Rxc6 21.
Ne5 Rcc8 22. g4 fxg4 23. Qxg4 Nf6 24. Qh4 Qd6 25. Kh1 Qb6 26. Rg1 Rc7 27. Qxf6 1-0

[Event "*** Titled Tuesday Blitz"]
[Site "Chess.com"]
[Date "2020.05.05"]
[Round "6"]
[White "superfast64"]
[Black "AthanasiusLefebvre"]
[Result "1-0"]
[WhiteElo "2298"]
[BlackElo "2047"]
[TimeControl "180+1"]
[EndTime "11:05:39 PDT"]
[Termination "superfast64 won on time"]

1. e4 c5 2. Nf3 e6 3. d4 cxd4 4. Nxd4 a6 5. Nc3 Qc7 6. Qf3 b5 7. Qg3 Qxg3 8. hxg3 Bb7 9. f3 Nf6 10. e5 Nd5 11. Nxd5 Bxd5 12. a4 b4 13. Bd3 Nc6 14. Nxc6 Bxc6 15. g4 d6 16. Bf4 dxe5 17. Bxe5 f6 18. Bf4 g5 19. Bg3 h6 20. b3 Kf7 21.
O-O-O Bc5 22. Bc4 a5 23. Bd6 Be3+ 24. Kb1 Rac8 25. Rhe1 1-0

[Event "*** Titled Tuesday Blitz"]
[Site "Chess.com"]
[Date "2020.05.05"]
[Round "6"]
[White "Nostradamus123"]
[Black "xamax2000"]
[Result "0-1"]
[WhiteElo "2494"]
[BlackElo "2705"]
[TimeControl "180+1"]
[EndTime "11:05:43 PDT"]
[Termination "xamax2000 won by resignation"]

1. d4 d5 2. c4 e6 3. Nf3 a6 4.
cxd5 exd5 5. Nc3 h6 6. Bf4 Nf6 7. e3 Bd6 8. Bxd6 Qxd6 9. Bd3 O-O 10. O-O Bg4 11. h3 Bxf3 12. Qxf3 Nbd7 13. Rac1 c6 14. Rc2 Rfe8 15. b4 Re7 16. a4 a5 17. b5 c5 18.
dxc5 Nxc5 19. Rd1 Rd8 20. Rcd2 Qe5 21. Rc1 Nb3 22. Ne2 Nxd2 0-1